 Dungeon Crawl Stone Soup version 0.31-a0-698-g4a7cf283bb (webtiles) character file.

Game seed: 1153766430975381505

3154 qw the Skirmisher (level 9, -23/59 HPs)
             Began as a Gargoyle Hunter on Sept 7, 2023.
             Was a Follower of Okawaru.
             Killed by the air
             ... invoked by Gastronok
              (28 damage)
             ... on level 8 of the Dungeon.
             The game lasted 00:03:16 (7514 turns).

qw the Skirmisher (Gargoyle Hunter)                 Turns: 7514, Time: 00:03:16

Health: -23/59     AC: 19    Str: 14    XL:     9   Next: 93%
Magic:  12/12      EV: 14    Int: 11    God:    Okawaru [*.....]
Gold:   156        SH:  0    Dex: 17    Spells: 8/8 levels left

rFire   . . .        Y - +1 shortbow (freeze)
rCold   . . .        (shield currently unavailable)
rNeg    + . .        e - +0 ring mail
rPois   inf          a - +2 helmet
rElec   +            n - +0 cloak
rCorr   .            (no gloves)
SInv    .            d - +0 pair of boots
Will    .....        h - amulet of the acrobat
Stlth   +++          (no ring)
HPRegen 0.29/turn    (no ring)
MPRegen 0.13/turn

%: acrobat
@: about to teleport, heroic, slowed, very slow
A: sickness immunity, AC +6, negative energy resistance 1, electricity
resistance, torment resistance 1, petrification resistance
a: Renounce Religion, Heroism


You were on level 8 of the Dungeon.
You worshipped Okawaru.
Okawaru was aware of your devotion.
You visited 2 branches of the dungeon, and saw 9 of its levels.

You collected 360 gold pieces.
You spent 204 gold pieces at shops.


Innate Abilities, Weirdness & Mutations

You are immune to sickness and miasma.
Your stone body is resilient. (AC +6)
You are immune to poison.
You resist negative energy. (rN+)
You are resistant to electric shocks. (rElec)
You are resistant to unholy torment.
You are immune to petrification.


   Skills:
 - Level 8.0(13.0) Fighting
 + Level 10.8(15.8) Ranged Weapons
 - Level 4.0(9.0) Armour
 - Level 2.0(7.0) Dodging
 - Level 1.1(6.1) Stealth
 - Level 4.2 Invocations


You had 8 spell levels left.
You didn't know any spells.
Your spell library was empty.

Inventory:

Hand Weapons
 Y - a +1 shortbow of freezing (weapon)
Armour
 a - a +2 helmet (worn)
 d - a +0 pair of boots (worn)
 e - a +0 ring mail (worn)
 n - a +0 cloak (worn)
 r - +0 steam dragon scales
Jewellery
 h - an amulet of the acrobat (around neck)
Scrolls
 c - a scroll of teleportation
 i - 3 scrolls of identify
 k - a scroll of poison {unknown}
 q - a scroll of revelation {unknown}
Potions
 b - 2 potions of might
 f - 2 potions of haste
 g - a potion of enlightenment
 j - 4 potions of curing
 l - a potion of resistance
 m - a potion of cancellation {unknown}
 o - a potion of mutation {unknown}
 p - a potion of berserk rage {unknown}

Dungeon Overview and Level Annotations

Branches:
Dungeon (8/15)             Temple (1/1) D:4
   Lair: D:8-11

Altars:
Ashenzari
Cheibriados
Dithmenos
Elyvilon
Fedhas
Gozag
Hepliaklqana
Kikubaaqudgha
Makhleb
Nemelex Xobeh
Okawaru
Qazlal
Ru
Sif Muna
Trog
Uskayaw
Vehumet
Wu Jian
Xom
Yredelemnul
Zin
The Shining One

Shops:
D:3 (   D:5 ?

Annotations:
D:7 2 transporters, qw's ghost, novice GrHs
D:8 Gastronok; Jeremiah


Message History

You start resting.
You shoot an arrow. The arrow hits Gastronok.
The arrow freezes Gastronok.
Gastronok is moderately wounded.
You shoot an arrow. The arrow hits Gastronok!
The arrow freezes Gastronok.
Gastronok is heavily wounded.
You shoot an arrow. The arrow hits Gastronok!
The arrow freezes Gastronok.
Gastronok is heavily wounded.
You shoot an arrow. The arrow hits Gastronok!
The arrow freezes Gastronok.
Gastronok is severely wounded.
You shoot an arrow.
The arrow hits Gastronok but does no damage.
Gastronok is severely wounded.
You shoot an arrow. The arrow hits Gastronok.
The arrow freezes Gastronok.
Gastronok is severely wounded.
You shoot an arrow. The arrow hits Gastronok!
The arrow freezes Gastronok.
Gastronok is severely wounded.
Gastronok waves his eye-stalks in wide circles.
The air twists around and strikes you!!
You shoot an arrow. The arrow hits Gastronok.
The arrow freezes Gastronok.
Gastronok is severely wounded.
You shoot an arrow. The arrow hits Gastronok.
The arrow freezes Gastronok.
Gastronok is severely wounded.
Gastronok looks at you and mumbles some strange words.
You feel yourself slow down.
You shoot an arrow. The arrow hits Gastronok!
The arrow freezes Gastronok.
Gastronok is almost dead.
You shoot an arrow. The arrow barely misses Gastronok.
You shoot an arrow. The arrow hits Gastronok.
The arrow freezes Gastronok.
Gastronok is almost dead.
You shoot an arrow. The arrow hits Gastronok.
The arrow freezes Gastronok.
Gastronok is almost dead.
Gastronok waves his eye-stalks in wide circles.
The air twists around and strikes you!!
7514 ||| READING 2 scrolls of teleportation.
As you read the scroll of teleportation, it crumbles to dust.
You feel strangely unstable.
Gastronok waves his eye-stalks in wide circles.
The air twists around and strikes you!!
You die...
Gastronok gurgles, "About time.
I'm starving!"

#.....#####
#.....#...#........
#.....#...#........
#.....#...#........
#.....#...#........
#.....#...#........
#.....#...#w.........#
#.....#...#..........#####
#.....#...#@.............
#.....'...#............#
#.....#...#...........#
#.....#...#..<........##
#.....#...#............#
#.....#...#............#
#.....#...#.....#####..#
#.....#...#=....#......#.
#.....#...#.....#....#......


You could see Gastronok.

Vanquished Creatures
  Joseph (D:7)
  Maggie (D:8)
  Prince Ribbit (D:5)
  A water moccasin (D:5)
  4 ice beasts
  2 orc warriors
  2 sky beasts
  A black bear (D:4)
  2 ogres (D:6)
  A phantom (D:5)
  A kobold brigand (D:6)
  3 bullfrogs
  2 scorpions (D:5)
  A howler monkey (D:6)
  4 hounds
  4 jellies
  5 orc priests
  3 sleepcaps
  2 iguanas
  A mummy (D:7)
  5 adders
  2 shadow imps
  2 white imps
  2 ufetubi
  A worm (D:2)
  3 dart slugs
  19 orcs
  12 bats
  8 endoplasms
  9 giant cockroaches
  7 hobgoblins
  5 jackals
  11 kobolds
  3 quokkas
  13 ball pythons
  4 frilled lizards
  14 goblins
  2 hobgoblin zombies (D:7)
  An orc zombie (D:7)
  6 rats
171 creatures vanquished.

Notes
Turn   | Place    | Note
-------+----------+-------------------------------------------
     0 | D:1      | qw the Gargoyle Hunter began the quest for the Orb.
     0 | D:1      | Reached XP level 1. HP: 12/12 MP: 1/1
     0 | D:1      | 0 ||| qw: Version: 0.3-a-76-g4403597
     0 | D:1      | 0 ||| qw: Game counter: 364
     0 | D:1      | 0 ||| qw: Melee chars always use a shield: true
     0 | D:1      | 0 ||| qw: God list: Okawaru
     0 | D:1      | 0 ||| qw: Allow faded altars: false
     0 | D:1      | 0 ||| qw: Do Orc after clearing Dungeon:15 true
     0 | D:1      | 0 ||| qw: Do second Lair branch before Depths: true
     0 | D:1      | 0 ||| qw: Lair rune preference: random
     0 | D:1      | 0 ||| qw: Goals: Normal
     0 | D:1      | 0 ||| PLANNING D:1-11
    87 | D:1      | Reached XP level 2. HP: 17/17 MP: 2/2
   217 | D:1      | Reached XP level 3. HP: 21/21 MP: 3/3
   424 | D:1      | Reached skill level 5 in Ranged Weapons
   839 | D:1      | 839 ||| UPGRADING to +0 ring mail.
   849 | D:1      | 849 ||| DROPPING +0 leather armour.
   850 | D:1      | 850 ||| UPGRADING to amulet of the acrobat.
   855 | D:1      | 855 ||| READING scroll labelled WEEFIK QIUZXO.
   856 | D:1      | 856 ||| READING 2 scrolls labelled FOFORY JOURE.
   857 | D:1      | 857 ||| READING scroll labelled AKULAZX PYUTA.
   858 | D:1      | 858 ||| READING scroll labelled QUBOUL MEUMIF.
   859 | D:1      | 859 ||| DROPPING scroll of butterflies.
   899 | D:2      | Found a faded altar of an unknown god.
   906 | D:2      | Reached skill level 1 in Armour
   940 | D:2      | Found a shadowy altar of Dithmenos.
   973 | D:2      | Identified the +0 cloak of Evolution {rElec rPois Dex-4}
   994 | D:2      | Reached XP level 4. HP: 27/27 MP: 4/4
  1048 | D:2      | Reached skill level 3 in Fighting
  1594 | D:2      | 1594 ||| DROPPING +0 cloak of Evolution {rElec rPois
                  | Dex-4}.
  1595 | D:2      | 1595 ||| READING scroll labelled SOFARUI MARGHEBU.
  1596 | D:2      | 1596 ||| DRINKING 2 inky potions.
  1762 | D:3      | 1762 ||| FLEEEEING.
  1797 | D:3      | Found Juxiuss's Weapon Shop.
  1913 | D:3      | Reached XP level 5. HP: 32/32 MP: 5/5
  1922 | D:3      | HP: 8/32 [orc/+3 flail (6)]
  2348 | D:3      | Found a stormy altar of Qazlal.
  2348 | D:3      | Noticed a sky beast
  2369 | D:3      | Killed a sky beast
  2370 | D:3      | Reached skill level 6 in Ranged Weapons
  2370 | D:3      | Reached XP level 6. HP: 27/37 MP: 6/6
  2644 | D:3      | 2644 ||| UPGRADING to +1 helmet.
  2649 | D:3      | 2649 ||| UPGRADING to +0 pair of boots.
  2654 | D:3      | 2654 ||| READING scroll labelled COIMU SUTEQ.
  2655 | D:3      | 2655 ||| READING scroll labelled MOETAZO HUSY.
  2658 | D:3      | 2658 ||| DRINKING 3 smoky ruby potions.
  2659 | D:3      | 2659 ||| DRINKING 3 emerald potions.
  2660 | D:3      | 2660 ||| READING 2 scrolls of identify.
  2660 | D:3      | 2660 ||| IDENTIFYING puce potion
  2661 | D:3      | 2661 ||| DROPPING 2 potions of magic.
  2905 | D:4      | Noticed a black bear
  2906 | D:4      | 2906 ||| READING 2 scrolls of identify.
  2906 | D:4      | 2906 ||| IDENTIFYING fuming cyan potion
  2914 | D:4      | Killed a black bear
  2987 | D:4      | Found a staircase to the Ecumenical Temple.
  2988 | D:4      | 2988 ||| PLANNING TEMPLE
  2988 | D:4      | 2988 ||| DROPPING potion of attraction.
  2994 | Temple   | Found a transporter.
  2994 | Temple   | Found a transporter.
  2994 | Temple   | Found a transporter.
  2994 | Temple   | Found a transporter.
  2994 | Temple   | Entered the Ecumenical Temple
  2995 | Temple   | 2995 ||| PLANNING D:1-11
  3003 | Temple   | 3003 ||| PLANNING OKAWARU WORSHIP
  3008 | Temple   | Became a worshipper of Warmaster Okawaru
  3009 | Temple   | 3009 ||| PLANNING D:1-11
  3148 | D:4      | Found a shimmering altar of Xom.
  3222 | D:5      | Entered Level 5 of the Dungeon
  3233 | D:5      | Reached skill level 7 in Ranged Weapons
  3233 | D:5      | Reached XP level 7. HP: 44/44 MP: 7/7
  3320 | D:5      | Noticed Prince Ribbit
  3330 | D:5      | Killed Prince Ribbit
  3517 | D:5      | Found Perumur's Magic Scroll Boutique.
  3529 | D:5      | 3529 ||| BUYING scroll of brand weapon (114 gold).
  3529 | D:5      | Bought a scroll of brand weapon for 114 gold pieces
  3529 | D:5      | 3529 ||| BUYING scroll of enchant armour (90 gold).
  3529 | D:5      | Bought a scroll of enchant armour for 90 gold pieces
  3529 | D:5      | 3529 ||| SHOPLISTING scroll of teleportation (36 gold, have
                  | 18).
  3529 | D:5      | 3529 ||| READING scroll of brand weapon.
  3529 | D:5      | 3529 ||| BRANDING +1 shortbow.
  3530 | D:5      | 3530 ||| READING scroll of enchant armour.
  3530 | D:5      | 3530 ||| ENCHANTING +1 helmet.
  3606 | D:5      | Reached XP level 8. HP: 48/48 MP: 8/8
  3620 | D:5      | Reached skill level 8 in Ranged Weapons
  3641 | D:5      | Reached * piety under Okawaru
  3769 | D:5      | Reached skill level 1 in Invocations
  4059 | D:5      | 4059 ||| DROPPING +2 helmet.
  4060 | D:5      | 4060 ||| DRINKING 2 ruby potions.
  4061 | D:5      | 4061 ||| READING 2 scrolls of identify.
  4061 | D:5      | 4061 ||| IDENTIFYING smoky purple potion
  4106 | D:6      | 4106 ||| FLEEEEING.
  4109 | D:6      | 4109 ||| FLEEEEING.
  4246 | D:6      | 4246 ||| INVOKING Heroism.
  4325 | D:6      | 4325 ||| INVOKING Heroism.
  4328 | D:6      | Reached skill level 9 in Ranged Weapons
  4385 | D:6      | 4385 ||| Stepping ~*~*~tactically~*~*~ (outnumbered).
  4386 | D:6      | 4386 ||| INVOKING Heroism.
  4388 | D:6      | 4388 ||| Stepping ~*~*~tactically~*~*~ (outnumbered).
  4389 | D:6      | 4389 ||| Stepping ~*~*~tactically~*~*~ (outnumbered).
  4394 | D:6      | 4394 ||| Stepping ~*~*~tactically~*~*~ (outnumbered).
  4403 | D:6      | Reached skill level 6 in Fighting
  4439 | D:6      | Reached skill level 3 in Invocations
  4455 | D:6      | 4455 ||| Stepping ~*~*~tactically~*~*~ (outnumbered).
  4466 | D:6      | Reached XP level 9. HP: 55/55 MP: 11/11
  4600 | D:6      | 4600 ||| INVOKING Heroism.
  4938 | D:7      | 4938 ||| INVOKING Heroism.
  5054 | D:7      | 5054 ||| INVOKING Heroism.
  5071 | D:7      | Found a transporter.
  5086 | D:7      | Found a transporter.
  5086 | D:7      | Noticed a komodo dragon
  5086 | D:7      | Noticed qw's ghost (novice GrHs)
  5086 | D:7      | Noticed an ice statue
  5106 | D:7      | Noticed a cyclops
  5153 | D:7      | 5153 ||| INVOKING Heroism.
  5156 | D:7      | Reached skill level 10 in Ranged Weapons
  5276 | D:7      | 5276 ||| INVOKING Heroism.
  5419 | D:7      | 5419 ||| UPGRADING to +0 cloak.
  5424 | D:7      | 5424 ||| READING 2 scrolls of identify.
  5424 | D:7      | 5424 ||| IDENTIFYING fizzy pink potion
  5425 | D:7      | 5425 ||| DROPPING potion of lignification.
  5435 | D:8      | Noticed Joseph
  5438 | D:8      | 5438 ||| STAIRDANCE
  5458 | D:8      | Noticed Jeremiah
  5459 | D:8      | 5459 ||| STAIRDANCE
  5488 | D:8      | 5488 ||| STAIRDANCE
  5568 | D:8      | 5568 ||| STAIRDANCE
  5698 | D:8      | 5698 ||| STAIRDANCE
  5719 | D:8      | 5719 ||| STAIRDANCE
  5823 | D:8      | 5823 ||| STAIRDANCE
  5856 | D:8      | 5856 ||| STAIRDANCE
  5867 | D:7      | 5867 ||| INVOKING Heroism.
  5873 | D:7      | Killed Joseph
  5993 | D:8      | 5993 ||| STAIRDANCE
  6033 | D:8      | 6033 ||| STAIRDANCE
  6105 | D:8      | 6105 ||| STAIRDANCE
  6192 | D:8      | 6192 ||| STAIRDANCE
  6226 | D:8      | 6226 ||| STAIRDANCE
  6295 | D:8      | 6295 ||| STAIRDANCE
  6376 | D:8      | 6376 ||| STAIRDANCE
  6438 | D:8      | 6438 ||| STAIRDANCE
  6490 | D:8      | 6490 ||| STAIRDANCE
  6604 | D:8      | 6604 ||| STAIRDANCE
  6650 | D:8      | 6650 ||| STAIRDANCE
  6707 | D:8      | 6707 ||| STAIRDANCE
  6817 | D:8      | 6817 ||| INVOKING Heroism.
  6832 | D:8      | HP: 5/59 [Jeremiah/+3 trident of draining (12)]
  6833 | D:8      | 6833 ||| READING 3 scrolls of teleportation.
  7128 | D:8      | Found a shadowy altar of Dithmenos.
  7175 | D:8      | Noticed Maggie
  7190 | D:8      | Killed Maggie
  7355 | D:8      | Found a snail-covered altar of Cheibriados.
  7355 | D:8      | Found a burning altar of Makhleb.
  7489 | D:8      | Noticed Gastronok
  7490 | D:8      | 7490 ||| INVOKING Heroism.
  7513 | D:8      | HP: 5/59 [Gastronok/the air (29)]
  7514 | D:8      | 7514 ||| READING 2 scrolls of teleportation.
  7514 | D:8      | Killed from afar by Gastronok

Levels and vault maps discovered:
D:1:      dpeg_arrival_arbitrary_b, layout_basic, serial_bayou,
          serial_bayou_pond_a, serial_bayou_crossing, serial_bayou_pond_e,
          serial_bayou_pond_b, minmay_worlds_worst_comb
D:2:      minmay_chambers_of_twos, layout_basic, basic_altar,
          shapermc_ecumenical_altar_starsandcircs, kennysheep_generic_room_10
D:3:      layout_loops_ring, nicolae_qazlal_beasts_of_the_sky, serial_shops,
          nicolae_lakefront_shop, minmay_goblin_outpost
D:4:      layout_rooms, nicolae_overflow_crystal_walls,
          minmay_temple_entry_enclosed_plants, serial_glass, glass_columns_a,
          glass_columns_c, glass_columns_b, glass_columns_a, glass_columns_a,
          glass_columns_b, glass_columns_b, glass_columns_b,
          kennysheep_generic_room_11
D:5:      layout_basic, serial_shops, nicolae_shop_tiny_waterfront,
          st_stairs_10, uniq_prince_ribbit1
D:6:      wad_pebble_path, layout_basic, corexii_leaking_fountain
D:7:      layout_rooms, nzn_ghost_randoct, minmay_mini_ossuary
D:8:      layout_gridville, nicolae_dithmenos_through_a_glass_darkly,
          mainiacjoe_overflow_divided_tiny,
          nicolae_concentric_dashed_squares_wild, uniq_jeremiah, uniq_maggie,
          uniq_joseph, uniq_gastronok
Temple:   hellmonk_temple_divided_pantheon

Skill      XL: |  1  2  3  4  5  6  7  8  9 |
---------------+----------------------------+-----
Ranged Weapons | 5 6 7 9 10 | 10.8
Armour         | 1 4 |  4.0
Fighting       | 3 4 6 8 |  8.0
Dodging        | 2 |  2.0
Invocations    | 3 4 |  4.2
Stealth        | |  1.1

Action                     |  1- 3 |  4- 6 |  7- 9 || total
---------------------------+-------+-------+-------++-------
   Fire: Shortbow          |   120 |   198 |   381 ||   699
 Invoke: Heroism           |       |       |    11 ||    11
    Use: Scroll            |     4 |     5 |     6 ||    15
         Potion            |       |     3 |     1 ||     4
 Armour: Leather armour    |    24 |       |       ||    24
         Ring mail         |     6 |    80 |   118 ||   204
  Dodge: Dodged            |    25 |    55 |   103 ||   183

Table legend:
 A = Non-vault XP
 B = Vault XP
 C = Vault XP percentage of total XP
 D = Non-vault monster count
 E = Vault monster count
 F = Vault count percentage of total count
                 A         B        C        D         E       F
            +---------+---------+-------+---------+---------+-------
      Total |    2814 |    1693 |  37.6 |     130 |      41 |  24.0
            +---------+---------+-------+---------+---------+-------
        D:1 |      44 |      18 |  29.0 |      26 |      10 |  27.8
        D:2 |      30 |      34 |  53.1 |      10 |      10 |  50.0
        D:3 |      59 |     145 |  71.1 |      23 |      10 |  30.3
        D:4 |     193 |      43 |  18.2 |      15 |       1 |   6.2
        D:5 |     431 |     568 |  56.9 |       8 |       4 |  33.3
        D:6 |     962 |       0 |   0.0 |      23 |       0 |   0.0
        D:7 |     833 |     487 |  36.9 |      20 |       5 |  20.0
        D:8 |     262 |     398 |  60.3 |       5 |       1 |  16.7
            +---------+---------+-------+---------+---------+-------
